 Dungeon Crawl Stone Soup version 0.31-a0-640-g39d97e502b (webtiles) character file.

Game seed: 17119101025231664007

794 avis the Cleaver (level 7, -16/59 HPs)
             Began as a Hill Orc Monk on Aug 27, 2023.
             Was a Believer of Beogh.
             Demolished by an ogre
             ... wielding a +0 giant club
              (19 damage)
             ... on level 5 of the Dungeon.
             The game lasted 00:18:49 (4529 turns).

avis the Cleaver (Hill Orc Monk)                    Turns: 4529, Time: 00:18:50

Health: -16/59     AC:  5    Str: 16    XL:     7   Next: 89%
Magic:  10/10      EV: 11    Int: 10    God:    Beogh [**....]
Gold:   232        SH:  0    Dex: 13    Spells: 6/6 levels left

rFire   . . .        a - +1 hand axe
rCold   . . .        (no shield)
rNeg    . . .        l - +0 ring mail
rPois   .            (no helmet)
rElec   .            (no cloak)
rCorr   .            (no gloves)
SInv    .            (no boots)
Will    .....        (no amulet)
Stlth   +            (no ring)
HPRegen 0.29/turn    (no ring)
MPRegen 0.12/turn

%: no passive effects
@: about to teleport
A: no striking features
a: Renounce Religion, Smiting


You were on level 5 of the Dungeon.
You worshipped Beogh.
Beogh was pleased with you.
You visited 2 branches of the dungeon, and saw 6 of its levels.

You collected 232 gold pieces.

Inventory:

Hand Weapons
 a - a +1 hand axe (weapon)
 f - a +0 spear
 j - a +0 spear
 n - a +0 sling
Missiles
 c - 5 datura-tipped darts
 i - 8 boomerangs
Armour
 d - an orb of light
 l - a +0 ring mail (worn)
Talismans
 o - a flux talisman
Wands
 b - a wand of digging (5)
Scrolls
 q - a scroll of fog
 s - 2 scrolls of poison {unknown}
 u - a scroll of torment {unknown}
 v - a scroll of amnesia {unknown}
 x - a scroll of vulnerability {unknown}
Potions
 e - a potion of magic
 g - a potion of berserk rage
 h - 3 potions of curing
 p - 2 potions of heal wounds


   Skills:
 - Level 4.0 Fighting
 * Level 10.4 Axes
 - Level 2.4 Dodging
 + Level 5.1 Invocations


You had 6 spell levels left.
You didn't know any spells.
Your spell library contained the following spells:

 Spells                   Type           Power      Damage    Failure   Level
 Magic Dart               Conj           0%         1d3       58%         1
 Call Imp                 Summ           0%         N/A       73%         2
 Wereblood                Tmut           0%         N/A       73%         2
 Mephitic Cloud           Conj/Pois/Air  0%         N/A       91%         3
 Irradiate                Conj/Tmut      0%         3d11      100%        5
 Conjure Ball Lightning   Conj/Air       0%         3x3d6     100%        6
 Discord                  Hex            0%         N/A       100%        8
 Disjunction              Tloc           0%         N/A       100%        8


Dungeon Overview and Level Annotations

Branches:
Dungeon (5/15)             Temple (1/1) D:4

Altars:
Ashenzari
Cheibriados
Dithmenos
Elyvilon
Fedhas
Gozag
Hepliaklqana
Makhleb
Nemelex Xobeh
Okawaru
Qazlal
Ru
Sif Muna
Trog
Uskayaw
Vehumet
Wu Jian
Xom
Yredelemnul
Zin
The Shining One

Annotations:
D:3 1 runed translucent door, exclusion: door, Crazy Yiuf


Message History

There is an open door, spattered with blood here.
m - a scroll of identify
m - 2 scrolls of identify (gained 1)
As you read the scroll of identify, it crumbles to dust.
g - a potion of berserk rage
As you read the scroll of identify, it crumbles to dust.
q - a scroll of fog An ogre comes into view.
It is wielding a +0 giant club.
The ogre shouts!
Throw: 4 darts (atropa)
Press: ? - help, Q - select action, (/) - cycle Shift-Dir - straight line, f - ogre
Aim: an ogre, wielding a +0 giant club (72% to hit, chance to blind on hit: 27%)
You throw an atropa-tipped dart. The atropa-tipped dart hits the ogre.
The ogre resists.
Throw: 3 darts (atropa)
Press: ? - help, Q - select action, (/) - cycle Shift-Dir - straight line, f/p - ogre
Aim: an ogre, wielding a +0 giant club (72% to hit, chance to blind on hit: 27%)
You throw an atropa-tipped dart. The atropa-tipped dart hits the ogre.
The ogre resists.
The ogre hits you with a +0 giant club!
Throw: 2 darts (atropa)
Press: ? - help, Q - select action, (/) - cycle Shift-Dir - straight line, f/p - ogre
Aim: an ogre, wielding a +0 giant club (72% to hit, chance to blind on hit: 27%)
You throw an atropa-tipped dart. The atropa-tipped dart hits the ogre.
The ogre resists.
The ogre hits you with a +0 giant club!!
* * * LOW HITPOINT WARNING * * *
Throw: dart (atropa)
Press: ? - help, Q - select action, (/) - cycle Shift-Dir - straight line, f/p - ogre
Aim: an ogre, wielding a +0 giant club (72% to hit, chance to blind on hit: 27%)
You throw an atropa-tipped dart.
The atropa-tipped dart barely misses the ogre.
The ogre attacks as it pursues you! The ogre hits you with a +0 giant club!
* * * LOW HITPOINT WARNING * * *
Unknown command.
Unknown command.
As you read the scroll of teleportation, it crumbles to dust.
You feel strangely unstable.
The ogre hits you with a +0 giant club!!
You die...

###... ..# ... . .(.(
#.#####...####.
#(######.#.....#.#....
#..........#####......
##....................
#........######.##..#
#.............#.#...#
#...O................
#...@...♣♣♣......#...
#.......♣............
#.......♣.....#†##...
#.........♣♣.....)..#
##..##.........####.#
#....#...........##..
..........#......####
..................#
......†.<........#


You could see an ogre.

Vanquished Creatures
  Grinder (D:3)
  An ice beast (D:4)
  A black bear (D:5)
  A phantom (D:4)
  A scorpion (D:5)
  A hound (D:5)
  Jessica (D:3)
  An iguana (D:5)
  An orc wizard (D:2)
  4 gnolls (D:4)
  6 adders
  A shadow imp (D:5)
  3 dart slugs
  7 orcs
  9 endoplasms
  2 giant cockroaches
  6 goblins
  6 hobgoblins
  2 jackals (D:1)
  3 quokkas
  7 ball pythons
  A bat (D:1)
  3 frilled lizards
  7 kobolds
  3 rats
79 creatures vanquished.

Vanquished Creatures (others)
  An orc (D:3)
  A goblin (D:3)
  A rat (D:3)
3 creatures vanquished.

Grand Total: 82 creatures vanquished

Notes
Turn   | Place    | Note
-------+----------+-------------------------------------------
     0 | D:1      | avis the Hill Orc Monk began the quest for the Orb.
     0 | D:1      | Reached XP level 1. HP: 19/19 MP: 1/1
   198 | D:1      | Reached XP level 2. HP: 25/26 MP: 2/2
   308 | D:1      | Reached skill level 5 in Axes
   522 | D:1      | Reached XP level 3. HP: 28/31 MP: 3/3
   749 | D:1      | Found a faded altar of an unknown god.
  1085 | D:2      | Reached skill level 6 in Axes
  1613 | D:2      | Reached XP level 4. HP: 26/39 MP: 4/4
  1698 | D:2      | Reached skill level 7 in Axes
  1721 | D:3      | Became a worshipper of Beogh the Brigand
  1721 | D:3      | Reached * piety under Beogh
  1721 | D:3      | Reached ** piety under Beogh
  1826 | D:3      | Noticed Grinder
  2140 | D:3      | Noticed Jessica
  2148 | D:3      | Killed Jessica
  2149 | D:3      | Reached skill level 1 in Invocations
  2149 | D:3      | Reached XP level 5. HP: 44/45 MP: 5/5
  2418 | D:3      | Paralysed by Grinder for 5 turns
  2433 | D:3      | Killed Grinder
  2434 | D:3      | Reached skill level 8 in Axes
  2434 | D:3      | Reached XP level 6. HP: 22/51 MP: 2/8
  2819 | D:3      | Found a runed translucent door.
  2820 | D:3      | Noticed Crazy Yiuf
  3391 | D:4      | Reached skill level 9 in Axes
  3530 | D:4      | Found a staircase to the Ecumenical Temple.
  3663 | Temple   | Entered the Ecumenical Temple
  3697 | D:5      | Entered Level 5 of the Dungeon
  3697 | D:5      | Noticed an ice beast
  3720 | D:4      | Killed an ice beast
  3721 | D:4      | Reached XP level 7. HP: 14/59 MP: 8/10
  4296 | D:5      | Reached skill level 10 in Axes
  4311 | D:5      | Reached skill level 5 in Invocations
  4441 | D:5      | Found a white marble altar of Elyvilon.
  4442 | D:5      | Found a glowing golden altar of the Shining One.
  4527 | D:5      | HP: 2/59 [ogre/+0 giant club (16)]
  4529 | D:5      | Demolished by an ogre

Illustrated notes

Levels and vault maps discovered:
D:1:      dpeg_arrival_arbitrary_a, layout_basic,
          dreamdust_ecumenical_altar_grove, minmay_pentomino_v4
D:2:      layout_basic
D:3:      layout_basic, uniq_crazy_yiuf_cottage, uniq_jessica, uniq_grinder
D:4:      layout_basic, minmay_temple_entry_hall
D:5:      layout_rooms, gammafunk_temple_overflow_pools, chequers_garden,
          corner_web_ring, minivault_23, grunt_ministairs_9
Temple:   nicolae_temple_bog_church

Skill      XL: |  1  2  3  4  5  6  7 |
---------------+----------------------+-----
Axes           | 5 6 7 8 9 10 | 10.4
Invocations    | 1 3 4 5 |  5.1
Fighting       | 4 |  4.0
Dodging        | |  2.4

Action                     |  1- 3 |  4- 6 |  7- 9 || total
---------------------------+-------+-------+-------++-------
  Melee: Hand axe          |    96 |   122 |    62 ||   280
         Punch             |       |       |     2 ||     2
  Throw: Boomerang         |    17 |       |       ||    17
         Dart              |       |       |     4 ||     4
 Invoke: Convert to Beogh  |       |     1 |       ||     1
         Smiting           |       |     1 |       ||     1
    Use: Scroll            |       |     6 |     3 ||     9
         Potion            |       |     3 |       ||     3
 Armour: Robe              |     7 |       |       ||     7
         Ring mail         |     5 |    27 |    20 ||    52
  Dodge: Dodged            |    45 |    53 |    38 ||   136

Table legend: (Time is in decaauts)
 A = Elapsed time spent in this place.
 B = Non-inter-level travel time spent in this place.
 C = Inter-level travel time spent in this place.
 D = Time resting spent in this place.
 E = Time spent auto-exploring this place.
 F = Levels seen in this place.
 G = Mean time per level.
                   A        B        C        D        E       F      G
               +--------+--------+--------+--------+--------+-----+--------+
         Total |   4522 |   3957 |    565 |    724 |   2224 |   6 |  753.7 |
       Dungeon |   4514 |   3949 |    565 |    724 |   2224 |   5 |  902.8 |
        Temple |      8 |      8 |      0 |      0 |      0 |   1 |    8.0 |
               +--------+--------+--------+--------+--------+-----+--------+

Top non-repeatable levels by time:
     D:3: 1232 daAuts
     D:4: 1168 daAuts
     D:1: 948 daAuts
     D:2: 833 daAuts
     D:5: 331 daAuts
  Temple: 8 daAuts
